AoeStats
← Fanda

Arabian Desert

510160806Analyzed
1v1 RM · 2d ago on Sep 29, 2026· 49m 51s· 2 players
Game mode
Random Map
Map size
Tiny (2 player)
Population
200
Speed
Normal
Resources
Standard
Victory
Conquest
Starting age
Dark Age
Ending age
Imperial Age
RankedLock teamsTeams togetherTeam positionsShared explorationLock speedFull tech treeHidden civsTurbo modeCheats
Victory
Defeat
🇨🇿 Mongols · Czechia
920
+16
🇺🇸 Varangians · United States
915
-16
U_no_pig
4:59 Loom
11:27 Feudal Age
15:25 Bloodlines
18:01 Scale Barding Armor
18:07 Forging
19:52 Town Watch
20:46 Wheelbarrow
23:29 Castle Age
22:02 Double-Bit Axe
24:31 Chain Barding Armor
23:34 Light Cavalry
28:24 Scale Mail Armor
34:50 Chain Mail Armor
42:07 Imperial Age
42:34 Elite Varangian Guard
43:07 Elite Skirmisher
45:45 Fletching
45:56 Padded Archer Armor
47:15 Plate Mail Armor
47:49 Bodkin Arrow
48:41 Town Watch
Fanda
9:20 Feudal Age
9:48 Double-Bit Axe
11:55 Loom
20:32 Castle Age
20:14 Gold Mining
20:48 Bloodlines
20:58 Horse Collar
21:37 Scale Barding Armor
23:22 Wheelbarrow
23:51 Forging
26:56 Gold Shaft Mining
34:50 Imperial Age
34:58 Imperial Age
33:43 Fletching
33:54 Padded Archer Armor
34:17 Chain Barding Armor
34:52 Husbandry
35:16 Bow Saw
37:19 Hand Cart
40:29 Heavy Plow
41:28 Ballistics
41:41 Bodkin Arrow
43:17 Thumb Ring
43:15 Bracer
45:29 Parthian Tactics
48:34 Chemistry
47:28 Heavy Cavalry Archer
50:24 Masonry
50:20 Siege Engineers
Connection lost

Rejoining the realm…

Still unreachable

The connection could not be restored.

Session expired

The server has moved on; the page needs a fresh start.